 Dungeon Crawl Stone Soup version 0.26-a0-631-ged93497179 (webtiles) character file.

Game seed: 9171818492192680046

424 Drevant2 the Arsonist (level 6, -6/45 HPs)
             Began as a Hill Orc Fire Elementalist on Sept 12, 2020.
             Was an Initiate of Nemelex Xobeh.
             Killed from afar by a steam dragon (21 damage)
             ... with a ball of steam
             ... on level 4 of the Dungeon.
             The game lasted 00:16:25 (5700 turns).

Drevant2 the Arsonist (Hill Orc Fire Elementalist)  Turns: 5700, Time: 00:16:25

Health: -6/45      AC:  7    Str: 14    XL:     6   Next: 96%
Magic:  8/8        EV: 12    Int: 17    God:    Nemelex Xobeh [......]
Gold:   142        SH:  0    Dex: 11    Spells: 0/8 levels left

rFire    . . .     SeeInvis .   n - +0 trident (venom)
rCold    . . .     Faith    .   (no shield)
rNeg     . . .     Spirit   .   q - +2 robe {MR+}
rPois    .         Reflect  .   (no helmet)
rElec    .         Harm     .   l - +0 cloak
rCorr    .         Rampage  .   m - +0 pair of gloves {Str+3}
MR       +....                  k - +0 pair of boots
Stlth    ++........             (no amulet)
HPRegen  0.15/turn              (no ring)
MPRegen  0.11/turn              (no ring)

@: no status effects
A: no striking features
a: Draw Escape, Draw Destruction, Draw Summoning, Renounce Religion


You were on level 4 of the Dungeon.
You worshipped Nemelex Xobeh.
Nemelex Xobeh was noncommittal.
You visited 1 branch of the dungeon, and saw 4 of its levels.

You collected 142 gold pieces.

Inventory:

Hand Weapons
 c - a +0 short sword
 e - a -3 mace
 g - a +0 hand axe
 n - a +0 trident of venom (weapon)
Missiles
 f - 7 javelins (quivered)
Armour
 a - a +0 robe
 k - a +0 pair of boots (worn)
 l - a +0 cloak (worn)
 m - a +0 pair of gloves of strength (worn)
 q - a +2 robe of magic resistance (worn)
Scrolls
 b - 2 scrolls of identify
 i - a scroll of enchant weapon {unknown}
 p - a scroll of blinking {unknown}
 r - a scroll of teleportation
Potions
 d - a potion of brilliance
 h - a potion of cancellation {unknown}
 j - a potion of curing {unknown}
 o - a potion of resistance {unknown}


   Skills:
 - Level 1.5 Dodging
 - Level 1.5 Stealth
 - Level 1.5 Spellcasting
 * Level 1.9 Conjurations
 - Level 8.1 Fire Magic


You couldn't memorise any spells.
You knew the following spells:

 Your Spells              Type           Power        Failure   Level
a - Foxfire               Conj/Fire      ###.         2%          1
b - Conjure Flame         Conj/Fire      ###.....     8%          3
c - Sticky Flame          Conj/Fire      ###.....     26%         4

Your spell library contained the following spells:

 Spells                   Type           Power        Failure   Level
 Inner Flame              Hex/Fire       ###.....     12%         3
 Fireball                 Conj/Fire      ###.......   56%         5


Dungeon Overview and Level Annotations

Branches:
Dungeon (4/15)
 Temple: D:4-7

Altars:
Nemelex Xobeh

Annotations:
D:2 1 transporter


Message History

Okay, then.
(D) Dungeon
Where to? (Enter - D:3 @ (x,y), ? - help)
Okay, then.
Okay, then.
Okay, then.
Quiver which item? (- for none, * to show all) (? for menu, Esc to quit)
Okay, then.
You draw a card...
You have drawn the Orb.
Press: ? - help, Shift-Dir - straight line, f/p - steam dragon
Aim: a steam dragon (misshapen and mutated)
The steam dragon seems to return to its normal shape.
Your fire vortex closely misses the steam dragon.
The orb of destruction hits your fire vortex!
Your fire vortex is heavily damaged.
The steam dragon breathes steam at you. The ball of steam hits you!!
You die...
Your body disappears without a glow.

.#..#....#..#....'.......
.#..#########....######..
.#..###########.......#
.#<....+).#...#.......#
.#.....#..#...#.......# ..
.#....#...#...'.......# ...
.######.#######.......#+###...
.# #.....(................. .#
#.........@§.v.......... .#
#...........§Dl......... .##
#............h.......... ..#
###############.....#.#. ..#
#......... ..# #.....#... ..#
######## #......... ..#
#......# #.....#... ..#
#......# #......$..


You could see a steam dragon (catching breath), a hound, a friendly basilisk
(summoned) and a friendly fire vortex (summoned).

Vanquished Creatures
  Blork the orc (D:4)
  2 water moccasin skeletons (D:4)
  A howler monkey (D:4)
  A hound (D:3)
  An orc wizard (D:3)
  3 adders
  3 oozes
  A worm (D:3)
  2 dart slugs (D:1)
  2 leopard geckos
  7 orcs
  5 giant cockroaches
  4 goblins
  9 hobgoblins
  5 kobolds
  2 quokkas
  6 bats
  6 frilled lizards
  7 rats
68 creatures vanquished.

Vanquished Creatures (collateral kills)
  An ogre (D:2)
  A hound (D:3)
  A gnoll (D:3)
  A giant cockroach (D:2)
  A kobold (D:2)
  A frilled lizard (D:2)
6 creatures vanquished.

Vanquished Creatures (others)
  102 foxfires
102 creatures vanquished.

Grand Total: 176 creatures vanquished

Notes
Turn   | Place    | Note
-------+----------+-------------------------------------------
     0 | D:1      | Drevant2 the Hill Orc Fire Elementalist began the quest for
                  | the Orb.
     0 | D:1      | Reached XP level 1. HP: 14/14 MP: 3/3
   374 | D:1      | Reached XP level 2. HP: 20/20 MP: 1/4
   440 | D:1      | Reached skill level 4 in Fire Magic
   618 | D:1      | Reached XP level 3. HP: 26/26 MP: 2/5
   920 | D:2      | Learned a level 3 spell: Conjure Flame
  1320 | D:2      | Noticed an ogre
  1602 | D:2      | Reached skill level 5 in Fire Magic
  1715 | D:2      | Found a sparkling altar of Nemelex Xobeh.
  1715 | D:2      | Found a transporter.
  1715 | D:2      | Noticed an orc warrior
  1728 | D:2      | Became a worshipper of Nemelex Xobeh the Trickster
  1820 | D:2      | Received a gift from Nemelex Xobeh
  2031 | D:2      | Identified the +0 quarterstaff of Kuepruk {venom, rC+ rN+
                  | MR- SInv}
  2040 | D:2      | Killed an ogre
  2040 | D:2      | Reached XP level 4. HP: 33/33 MP: 6/6
  2285 | D:2      | Noticed an ogre
  2407 | D:2      | Reached skill level 6 in Fire Magic
  2762 | D:2      | Reached XP level 5. HP: 26/38 MP: 5/7
  4244 | D:3      | Reached skill level 7 in Fire Magic
  4244 | D:3      | Reached XP level 6. HP: 38/45 MP: 0/8
  4812 | D:4      | Learned a level 4 spell: Sticky Flame
  4968 | D:4      | Noticed Blork the orc
  4992 | D:4      | Killed Blork the orc
  4992 | D:4      | Reached skill level 8 in Fire Magic
  5684 | D:4      | Received a gift from Nemelex Xobeh
  5687 | D:4      | Noticed a steam dragon
  5687 | D:4      | a scorpion changed into a steam dragon
  5700 | D:4      | Killed from afar by a steam dragon

Illustrated notes

Levels and vault maps discovered:
D:1:      minmay_arrival_statue_studded, layout_basic, item_on_display_a
D:2:      layout_loops_cross, grunt_nemelex_the_gamble
D:3:      layout_basic, cheibrodos_gnoll_hut
D:4:      layout_gridville, minmay_temple_entry_glass, serial_shops,
          nicolae_shop_stone, uniq_blork_the_orc

Skill      XL: |  1  2  3  4  5  6 |
---------------+-------------------+-----
Fire Magic     | 4 5 6 7 8 |  8.1
Dodging        | |  1.5
Stealth        | |  1.5
Spellcasting   | |  1.5
Conjurations   | |  1.9

Action                   |  1- 3 |  4- 6 || total
-------------------------+-------+-------++-------
Melee: Short sword       |    57 |     8 ||    65
       Mace              |     6 |       ||     6
       Hand axe          |       |    75 ||    75
       Trident           |       |    39 ||    39
 Cast: Foxfire           |    31 |    46 ||    77
       Conjure Flame     |       |     1 ||     1
Invok: Draw Summoning    |     2 |     2 ||     4
       Draw Destruction  |       |     2 ||     2
  Use: Scroll            |     3 |     1 ||     4
       Potion            |       |     1 ||     1
 Stab: Sleeping          |     2 |     2 ||     4
Armor: Robe              |    16 |    39 ||    55
Dodge: Dodged            |    50 |   131 ||   181

Table legend: (Time is in decaauts)
 A = Elapsed time spent in this place.
 B = Non-inter-level travel time spent in this place.
 C = Inter-level travel time spent in this place.
 D = Time resting spent in this place.
 E = Time spent auto-exploring this place.
 F = Levels seen in this place.
 G = Mean time per level.
                   A        B        C        D        E       F      G
               +--------+--------+--------+--------+--------+-----+--------+
         Total |   5746 |   5288 |    458 |   2077 |   2167 |   4 | 1436.5 |
       Dungeon |   5746 |   5288 |    458 |   2077 |   2167 |   4 | 1436.5 |
               +--------+--------+--------+--------+--------+-----+--------+

Top non-repeatable levels by time:
     D:2: 1772 daAuts
     D:3: 1588 daAuts
     D:1: 1333 daAuts
     D:4: 1052 daAuts
